 Dungeon Crawl Stone Soup version 0.18-a0-1354-gbc5753f (webtiles) character file.

154 gorblad the Skirmisher (level 5, 0/34 HPs)
             Began as a Gargoyle Fighter on Feb 20, 2016.
             Slain by a hobgoblin (1 damage)
             ... on level 3 of the Dungeon.
             The game lasted 00:03:10 (1549 turns).

gorblad the Skirmisher (Gargoyle Fighter)           Turns: 1549, Time: 00:03:11

Health: 0/34       AC: 13    Str: 20    XL:     5   Next: 36%
Magic:  5/5        EV:  7    Int:  9    God:
Gold:   70         SH: 10    Dex:  9    Spells: 0 memorised, 4 levels left

rFire  . . .     SeeInvis .     a - +0 flail
rCold  . . .     Gourm    .     b - +0 scale mail
rNeg   + . .     Faith    .     c - +1 shield
rPois  ∞         Spirit   .     k - +0 helmet
rElec  +         Dismiss  .     g - +0 cloak
rCorr  .         Reflect  .     (no gloves)
SustAt .         Harm     .     (no boots)
MR     .....                    (no amulet)
Stlth  ..........               (no ring)
                                (no ring)

@: not resistant to hostile enchantments, extremely unstealthy
A: negative energy resistance 1, electricity resistance, unbreathing,
petrification resistance, rot immunity, AC +4
a: no special abilities


You were on level 3 of the Dungeon.
You were not hungry.

You visited 1 branch of the dungeon, and saw 3 of its levels.

You collected 70 gold pieces.

Inventory:

Hand Weapons
 a - a +0 flail (weapon)
Armour
 b - a +0 scale mail (worn)
 c - a +1 shield (worn)
 g - a +0 cloak (worn)
 k - a +0 helmet (worn)
Rods
 i - a +1 lightning rod (9/9)
   (You found it on level 2 of the Dungeon)
Jewellery
 p - an uncursed amulet of rage
Wands
 j - a wand of random effects (25/48)
Scrolls
 e - a scroll of identify
Potions
 d - a potion of might
 n - a potion of agility
 q - 2 potions of brilliance
Comestibles
 f - 2 bread rations
 h - 3 meat rations


   Skills:
 * Level 4.5 Fighting
 - Level 2.0 Maces & Flails
 * Level 4.5 Armour
 + Level 1.4 Stealth
 * Level 4.2 Shields


You had 4 spell levels left.
You didn't know any spells.

Dungeon Overview and Level Annotations

Branches:
Dungeon (3/15)

Altars:
Cheibriados


Innate Abilities, Weirdness & Mutations

You are resistant to torment.
Your stone body is resilient (AC +4).
You are immune to poison.
You resist negative energy.
You are resistant to electric shocks.
You can survive without breathing.
You are immune to petrification.
You are immune to rotting.


Message History

The orc hits you but does no damage.
You hit the orc priest but do no damage.
The orc priest is almost dead.
The orc hits you but does no damage. You block the kobold's attack.
The orc priest mumbles some strange prayers to Beogh against you.
You barely resist. You block the hobgoblin's attack. The orc barely misses you.
Unknown command.
Your shield and scale mail prevent you from hitting the orc priest.
The orc priest is almost dead.
The orc hits you but does no damage. You block the kobold's attack.
The orc priest mumbles some strange prayers to Beogh against you.
Pain shoots through your body!
* * * LOW HITPOINT WARNING * * *
The hobgoblin hits you but does no damage.
The orc hits you but does no damage. You block the kobold's attack.
The orc hits you but does no damage.
The orc priest hits you with a hand axe.
* * * LOW HITPOINT WARNING * * *
The hobgoblin hits you.
You die...

### .. ...$ ..
..# . ..# #. #.
..# #...#.###.#
#### #.......#.#
....
..#.##<#[#..####
....(...o@oK.....
........ogK......
####.###.........
... ..........
... ...........
... ............
... .............
."...#########


You could see an orc priest, 2 orcs, a hobgoblin and 2 kobolds.

Vanquished Creatures
  Ijyb (D:2)
  Crazy Yiuf (D:2)
  Terence (D:2)
  An adder (D:2)
  2 oozes (D:1)
  2 worms (D:2)
  2 orcs (D:3)
  A ball python (D:2)
  8 bats
  2 giant cockroaches (D:1)
  5 goblins
  6 hobgoblins
  7 jackals
  6 kobolds
  A quokka (D:2)
  2 giant newts
  3 rats (D:1)
  A fungus (D:2)
52 creatures vanquished.

Notes
Turn   | Place    | Note
--------------------------------------------------------------
     0 | D:1      | gorblad the Gargoyle Fighter began the quest for the Orb.
     0 | D:1      | Reached XP level 1. HP: 14/14 MP: 1/1
     1 | D:1      | Found a snail-covered altar of Cheibriados.
    61 | D:1      | Reached XP level 2. HP: 19/19 MP: 2/2
   423 | D:1      | Reached XP level 3. HP: 19/24 MP: 3/3
   726 | D:2      | Reached skill level 1 in Stealth
   766 | D:2      | Noticed Ijyb
   787 | D:2      | Killed Ijyb
   787 | D:2      | Reached skill level 4 in Fighting
   787 | D:2      | Reached XP level 4. HP: 26/29 MP: 4/4
   800 | D:2      | Noticed Terence
   829 | D:2      | Killed Terence
  1053 | D:2      | Reached XP level 5. HP: 19/34 MP: 5/5
  1441 | D:2      | Noticed Crazy Yiuf
  1448 | D:2      | Killed Crazy Yiuf
  1549 | D:3      | HP: 1/34 [orc priest/hand axe (4)]
  1549 | D:3      | Slain by a hobgoblin

Vault maps used:
D:1:      sevenhm_arrival_forest_fort_small_6, kennysheep_doodads
D:2:      first_bread, uniq_crazy_yiuf_cottage, uniq_iyjb, uniq_terence
D:3:      grunt_pakellas_basics

Action                   |  1- 3 |  4- 6 || total
-------------------------+-------+-------++-------
Melee: Flail             |   119 |   105 ||   224
  Use: Scroll            |     2 |     9 ||    11
  Eat: Chunk             |       |     1 ||     1
       Bread ration      |       |     1 ||     1
